 Dungeon Crawl Stone Soup version 0.30-a0-365-ge7f957f1db (webtiles) character file.

Game seed: 819655345515349016

0 qeuew the Scratcher (level 1, 0/9 HPs)
             Began as a Felid Transmuter on Nov 16, 2022.
             Slain by a frilled lizard (3 damage)
             ... on level 1 of the Dungeon.
             The game lasted 00:00:16 (122 turns).

qeuew the Scratcher (Felid Transmuter)               Turns: 122, Time: 00:00:16

Health: 0/9        AC:  1    Str:  6    XL:     1   Next: 8%
Magic:  3/4        EV: 17    Int: 14    God:
Gold:   25         SH:  0    Dex: 16    Spells: 3/4 levels left
                                        Lives:  0   Deaths: 0

rFire   . . .      SeeInvis +      - Unarmed
rCold   . . .      Faith    .    (shield unavailable)
rNeg    . . .      Spirit   .    (body armour unavailable)
rPois   .          Reflect  .    (helmet unavailable)
rElec   .          Harm     .    (cloak unavailable)
rCorr   .          Rampage  .    (gloves unavailable)
Will    .....                    (boots unavailable)
Stlth   +.........               (no amulet)
HPRegen 0.21/turn                (no ring)
MPRegen 0.09/turn                (no ring)

@: appendages, quick
A: horns 2, very small, claws 1, fangs 3, see invisible, speed 1, shaggy fur 1,
stealthy paws, no weapons or thrown items, no armour, multi-lived
a: End Transformation


You were on level 1 of the Dungeon.
You had temporarily grown beastly horns.
You visited 1 branch of the dungeon, and saw 1 of its levels.

You collected 25 gold pieces.

Inventory:

Potions
 a - a potion of lignification


   Skills:
 + Level 1.0 Fighting
 + Level 2.7 Dodging
 + Level 3.0 Unarmed Combat
 + Level 2.0 Spellcasting
 + Level 2.2 Transmutations


You had 3 spell levels left.
You knew the following spells:

 Your Spells              Type           Power      Damage    Failure   Level
a - Beastly Appendage     Tmut           14%        N/A       10%         1

Your spell library contained the following spells:

 Spells                   Type           Power      Damage    Failure   Level
 Wereblood                Tmut           7%         N/A       14%         2
 Spider Form              Tmut/Pois      4%         N/A       41%         3
 Ice Form                 Ice/Tmut       4%         N/A       83%         4


Dungeon Overview and Level Annotations

Branches:
Dungeon (1/15)

Altars:


Innate Abilities, Weirdness & Mutations

You have temporarily grown beastly horns.
You have sharp claws.
You have razor-sharp teeth.
You have supernaturally acute eyesight. (SInv)
You cover ground quickly. (Speed+)
You are covered in fur. (AC +1)
Your paws help you pounce on unaware monsters.
You are incapable of wielding weapons or throwing items.
You cannot wear armour.
You gain extra lives every three experience levels.


Message History

The frilled lizard hisses angrily.
The frilled lizard barely misses you.
You scratch the frilled lizard but do no damage.
You scratch the frilled lizard but do no damage.
Your headbutt misses the frilled lizard.
The frilled lizard barely misses you. The frilled lizard closely misses you.
The frilled lizard barely misses you.
You closely miss the frilled lizard.
The frilled lizard completely misses you.
The frilled lizard barely misses you.
The frilled lizard completely misses you.
You miss the frilled lizard. You headbutt the frilled lizard.
You kill the frilled lizard!
The frilled lizard bites you. The frilled lizard misses you.
You closely miss the frilled lizard.
Your headbutt misses the frilled lizard.
The frilled lizard barely misses you. The frilled lizard misses you.
The frilled lizard barely misses you.
The frilled lizard completely misses you.
You barely miss the frilled lizard.
You bite the frilled lizard, but do no damage.
The frilled lizard completely misses you.
The frilled lizard bites you. x2
You scratch the frilled lizard.
The frilled lizard is heavily wounded.
The frilled lizard bites you. The frilled lizard barely misses you.
The frilled lizard misses you. The frilled lizard bites you.
The frilled lizard barely misses you.
You are too injured to fight recklessly!
You are too injured to fight recklessly!
You are too injured to fight recklessly!
You are too injured to fight recklessly!
You are too injured to fight recklessly!
You are too injured to fight recklessly!
You are too injured to fight recklessly!
You are too injured to fight recklessly!
You scratch the frilled lizard.
You kill the frilled lizard!
The frilled lizard misses you. The frilled lizard bites you.
You die...

...........
..~~~~..#.##
.~~~~~~....#
.~~~~~~....###
####
..~~~~~......#
##...
..~~~~.......#
#..##
......lll....#
#.###
.....l†@l....#
##.###
####+####....#
#...#.
###.####.####
#...+.
#...........#
#...#.
#...........#
##.###
###...........#
#'###
..............#
###....
###..........##
##......
.............#
#.......


You could see 5 frilled lizards.

Vanquished Creatures
  2 frilled lizards (D:1)
2 creatures vanquished.

Notes
Turn   | Place    | Note
-------+----------+-------------------------------------------
     0 | D:1      | qeuew the Felid Transmuter began the quest for the Orb.
     0 | D:1      | Reached XP level 1. HP: 9/9 MP: 4/4
   122 | D:1      | Slain by a frilled lizard

Illustrated notes

Levels and vault maps discovered:
D:1:      dpeg_arrival_three_smaller_balls, layout_basic, minmay_lizard_pond

Action                   || total
-------------------------++-------
Melee: Unarmed           ||     8
       Headbutt          ||     1
       Bite              ||     1
 Cast: Beastly Appendage ||     1
Armor: Skin              ||     1
Dodge: Dodged            ||    17

Table legend: (Time is in decaauts)
 A = Elapsed time spent in this place.
 B = Non-inter-level travel time spent in this place.
 C = Inter-level travel time spent in this place.
 D = Time resting spent in this place.
 E = Time spent auto-exploring this place.
 F = Levels seen in this place.
 G = Mean time per level.
                   A        B        C        D        E       F      G
               +--------+--------+--------+--------+--------+-----+--------+
         Total |    100 |    100 |      0 |      0 |     88 |   1 |  100.0 |
       Dungeon |    100 |    100 |      0 |      0 |     88 |   1 |  100.0 |
               +--------+--------+--------+--------+--------+-----+--------+

Top non-repeatable levels by time:
     D:1: 100 daAuts
